AoeStats
← RiGhT

Arena

510719304Analyzed
4v4 RM · 12h ago on Oct 2, 2026· 47m 23s· 8 players
Game mode
Random Map
Map size
Large (8 player)
Population
200
Speed
Normal
Resources
Standard
Victory
Conquest
Starting age
Dark Age
Ending age
Imperial Age
RankedLock teamsTeams togetherTeam positionsShared explorationLock speedFull tech treeHidden civsTurbo modeCheats
Victory
Defeat
🇨🇳 Vikings · China
1257
+13
🇵🇰 Bohemians · Pakistan
1199
+15
🇨🇳 Mongols · China
1030
+23
🇩🇪 Danes · Germany
1027
+22
🇮🇳 Koreans · India
1206
-19
🇵🇰 Celts · Pakistan
1176
-18
🇮🇳 Franks · India
1165
-18
🇸🇦 Portuguese · Saudi Arabia
1162
-18
ieshwarvsr
7:05 Loom
12:04 Feudal Age
16:02 Castle Age
13:55 Double-Bit Axe
15:13 Gold Mining
15:26 Stone Mining
24:27 Gold Shaft Mining
24:05 Bow Saw
24:02 Husbandry
33:58 Imperial Age
34:03 Forging
33:59 Scale Barding Armor
34:26 Cavalier
36:04 Elite Skirmisher
37:50 Chemistry
37:11 Ballistics
36:49 Murder Holes
37:05 Fortified Wall
37:01 Siege Engineers
38:27 Fletching
38:38 Padded Archer Armor
40:40 Pikeman
41:21 Squires
41:07 Arson
Nightwraith
7:09 Loom
10:41 Feudal Age
12:15 Double-Bit Axe
15:10 Fletching
20:06 Castle Age
21:49 Bow Saw
26:19 Wheelbarrow
26:03 Horse Collar
27:15 Stone Mining
28:08 Hand Cart
33:39 Imperial Age
31:42 Crossbowman
32:29 Thumb Ring
33:18 Ballistics
33:00 Town Watch
33:44 Town Patrol
34:35 Bodkin Arrow
34:33 Arbalester
35:13 Elite Skirmisher
36:42 Padded Archer Armor
RiGhT
10:17 Feudal Age
14:25 Castle Age
13:50 Double-Bit Axe
14:33 Horse Collar
15:44 Bow Saw
22:17 Loom
24:41 Heavy Plow
26:24 Fletching
28:18 Wheelbarrow
27:34 Town Watch
30:36 Imperial Age
28:28 Fletching
29:06 Bodkin Arrow
29:35 Husbandry
30:03 Hand Cart
30:12 Thumb Ring
30:56 Gold Mining
30:56 Stone Mining
32:32 Gold Shaft Mining
32:13 Bracer
32:45 Ballistics
34:22 Heavy Cavalry Archer
36:17 Chemistry
35:27 Masonry
36:17 Chemistry
35:28 Masonry
35:23 Siege Engineers
34:59 Treadmill Crane
35:15 Murder Holes
35:02 Capped Ram
36:38 Eupseong
36:57 Arrowslits
39:04 Stone Shaft Mining
43:52 Fortified Wall
44:13 Architecture
NSN WAJID
13:43 Feudal Age
14:49 Town Watch
17:52 Castle Age
16:01 Horse Collar
16:10 Double-Bit Axe
16:16 Stone Mining
16:19 Gold Mining
16:20 Loom
17:19 Wheelbarrow
24:49 Bow Saw
31:29 Scale Mail Armor
31:39 Forging
31:47 Hand Cart
32:21 Heavy Plow
33:04 Chain Mail Armor
33:28 Iron Casting
40:19 Imperial Age
39:18 Gold Shaft Mining
39:20 Stone Shaft Mining
40:30 Heavy Scorpion
40:31 Capped Ram
40:55 Pikeman
42:08 Conscription
42:52 Conscription
42:50 Furor Celtica
45:17 Blast Furnace
44:48 Plate Mail Armor
44:23 Scale Barding Armor
46:10 Elite Woad Raider
khamz
10:10 Feudal Age
13:45 Castle Age
11:51 Double-Bit Axe
12:15 Horse Collar
16:24 Bow Saw
19:12 Fervor
21:03 Wheelbarrow
20:55 Heavy Plow
21:46 Town Watch
22:34 Hand Cart
22:43 Loom
25:54 Sanctity
27:44 Chemistry
29:26 Imperial Age
28:01 Fletching
29:03 Crossbowman
32:30 Two-Man Saw
32:15 Bodkin Arrow
39:41 Elite Skirmisher
40:22 Bracer
42:43 Padded Archer Armor
43:15 Ballistics
44:19 Leather Archer Armor
46:27 Ring Archer Armor
47:02 Scale Mail Armor
47:12 Forging
Schlenkerla23
10:42 Feudal Age
14:35 Castle Age
12:28 Double-Bit Axe
12:24 Horse Collar
15:57 Wheelbarrow
16:09 Bow Saw
16:11 Heavy Plow
22:04 Stone Mining
22:29 Loom
26:01 Gold Mining
28:45 Imperial Age
28:03 Scale Mail Armor
29:04 Elite Jomsviking
30:05 Conscription
33:37 Chain Mail Armor
33:33 Forging
33:06 Onager
36:15 Chemistry
35:36 Ballistics
36:55 Plate Mail Armor
37:08 Northmen's Fury
37:09 Hamask
38:07 Siege Onager
40:10 Squires
39:56 Arson
41:51 Iron Casting
41:11 Elite Varangian Guard
45:43 Blast Furnace
45:17 Gambesons
46:08 Siege Engineers
47:27 Hand Cart
封不觉
10:13 Feudal Age
10:01 Loom
10:42 Double-Bit Axe
10:45 Horse Collar
11:02 Man-at-Arms
13:52 Forging
20:10 Castle Age
18:20 Scale Mail Armor
19:27 Gold Mining
19:29 Stone Mining
20:39 Loom
20:40 Town Watch
21:10 Bow Saw
21:01 Heavy Plow
21:39 Gold Shaft Mining
21:38 Long Swordsman
22:58 Iron Casting
22:36 Squires
23:44 Gold Shaft Mining
23:39 Chain Mail Armor
22:46 Pikeman
23:16 Arson
22:51 Pikeman
31:47 Chieftains
32:36 Town Patrol
41:58 Imperial Age
42:16 Elite Berserk
43:18 Conscription
42:40 Capped Ram
42:48 Capped Ram
45:21 Blast Furnace
44:51 Plate Mail Armor
44:40 Siege Ram
Q力山大一世
9:52 Feudal Age
11:10 Double-Bit Axe
13:49 Castle Age
12:49 Horse Collar
18:42 Wheelbarrow
24:10 Fervor
24:19 Hand Cart
24:35 Gold Mining
25:58 Gold Shaft Mining
25:52 Stone Mining
29:17 Imperial Age
26:53 Fletching
27:03 Padded Archer Armor
27:09 Loom
27:31 Bodkin Arrow
28:02 Bow Saw
27:55 Heavy Plow
28:34 Stone Shaft Mining
29:45 Leather Archer Armor
30:27 Thumb Ring
30:48 Parthian Tactics
30:58 Conscription
31:52 Chemistry
31:12 Ballistics
30:57 Bracer
30:44 Elite Mangudai
31:37 Bloodlines
31:28 Husbandry
31:39 Scale Barding Armor
31:24 Town Watch
32:52 Chain Barding Armor
32:43 Forging
31:55 Light Cavalry
33:00 Town Patrol
33:09 Siege Engineers
34:15 Drill
33:21 Hussar
35:25 Iron Casting
37:27 Blast Furnace
37:02 Masonry
36:48 Murder Holes
37:04 Fortified Wall
37:37 Hoardings
36:34 Capped Ram
38:10 Siege Ram
39:35 Nomads
40:41 Coinage
41:11 Onager
43:31 Siege Onager
45:24 Herbal Medicine
Connection lost

Rejoining the realm…

Still unreachable

The connection could not be restored.

Session expired

The server has moved on; the page needs a fresh start.